 Dungeon Crawl Stone Soup version 0.14-a0-586-g2535b90 (webtiles) character file.

692 PolkaDot the Jinx (level 7, -4/46 HPs)
             Began as a Vampire Enchanter on Nov 4, 2013.
             Slain by a guardian mummy (23 damage)
             ... in an ossuary.
             The game lasted 00:13:25 (3134 turns).

PolkaDot the Jinx (Vampire Enchanter)               Turns: 3134, Time: 00:13:25

HP  -4/46        AC  4     Str  7      XL: 7   Next: 17%
MP   8/14        EV 12     Int 26      God:
Gold 93          SH  0     Dex 14      Spells:  3 memorised,  1 level left

Res.Fire  : + . .   See Invis. : +   q - +1,+0 short sword (vamp) (curse)
Res.Cold  : . . .   Warding    : .   b - +1 robe (curse)
Life Prot.: + . .   Conserve   : .   (no shield)
Res.Poison: .       Res.Corr.  : .   (no helmet)
Res.Elec. : .       Clarity    : .   (no cloak)
Sust.Abil.: . .     Spirit.Shd : .   a - +0 pair of orc gauntlets (curse)
Res.Mut.  : .       Stasis     : .   (no boots)
Res.Rott. : .       Flight     : .   (no amulet)
Saprovore : . . .                    (no ring)
                                     g - ring of sustenance

@: invisible, brilliant, very slightly contaminated, slightly resistant to
hostile enchantments, quite stealthy
A: bottle blood, claws 1, fangs 3, see invisible, fire resistance 1,
unbreathing, Int +2
a: Bat Form, Bottle Blood


You were in an ossuary.
You were not thirsty.

You visited 1 branch of the dungeon, and saw 4 of its levels.
You also visited: Ossuary.

You collected 93 gold pieces.

Inventory:

Hand weapons
 q - a cursed +1,+0 vampiric short sword (weapon)
Missiles
 d - 12 darts (quivered)
Armour
 a - a cursed +0 pair of orcish gauntlets (worn)
 b - a cursed +1 robe (worn)
Scrolls
 e - 2 scrolls of curse weapon {unknown}
 f - 2 scrolls of remove curse {unknown}
 j - 2 scrolls of magic mapping {unknown}
 l - a scroll of blinking {unknown}
 m - a scroll of fear {unknown}
 n - 4 scrolls of identify {unknown}
 o - a scroll of recharging {unknown}
 p - 4 scrolls of enchant armour {unknown}
 r - 3 scrolls of random uselessness {unknown}
 v - a scroll of enchant weapon III {unknown}
Jewellery
 g - a ring of sustenance (left hand)
 h - an uncursed ring of see invisible {unknown}
Potions
 i - a potion of curing
 s - a potion of restore abilities
Books
 c - a book of Maledictions

   Spells                             Type                      Level
   *Corona                            Hexes                        1
   Sure Blade                         Hexes/Charms                 2
   Ensorcelled Hibernation            Hexes/Ice                    2
   *Confuse                           Hexes                        3
   Enslavement                        Hexes                        4
   *Invisibility                      Hexes                        6


   Skills:
 - Level 3.2 Short Blades
 - Level 0.7 Throwing
 - Level 2.1 Dodging
 - Level 6.5 Stealth
 - Level 2.7 Spellcasting
 * Level 8.8 Hexes


You had one spell level left.
You knew the following spells:

 Your Spells              Type           Power        Failure   Level  Hunger
A - Corona                Hex            ######.      1%          1    None
C - Confuse               Hex            ######..     1%          3    ###....
I - Invisibility          Hex            ######..     8%          6    #######


Dungeon Overview and Level Annotations

Branches:
Dungeon (4/27)
 Temple: D:4-7

Altars:
Xom


Innate Abilities, Weirdness & Mutations

You can bottle blood from corpses.
You have razor-sharp teeth.*
You have supernaturally acute eyesight.
You can survive without breathing.*
You have sharp fingernails.*
Your mind is acute. (Int +2)
Your flesh is heat resistant.*+


Message History

Found a scroll labeled CLUAL USHEUNKOR.
You open the door.
A guardian mummy comes into view.
There is an open door here.
The helpless guardian mummy fails to defend itself.
You impale the guardian mummy!!
The guardian mummy is heavily damaged.
The guardian mummy hits you.
Drink which item? (? for menu, Esc to quit)
You feel more clever all of a sudden.
It was a potion of brilliance.
The guardian mummy hits you!
Ouch! That really hurt!
Casting: Invisibility
Confirm with . or Enter, or press ? or * to list all spells.
Aiming: Confuse
Press: ? - help, Shift-Dir - straight line, f - guardian mummy
Aim: a guardian mummy (heavily damaged)
The guardian mummy struggles to resist.
The guardian mummy hits you!
Ouch! That really hurt!
You die...

. #. #.? #.
z#.!! #. ##.!?
#. ... #. ...
#. ##.# #
#.#M#.# .#
#.@##.###.##+.#
#.............#
#######+#######
#.# ###.###
#M#.#z# ###.###
#.# #'#


You could see a guardian mummy.

Vanquished Creatures
  The ghost of PolkaDot the Insei, an average DsMo of Makhleb (D:3)
  2 ogres (D:3)
  A wight (Ossuary)
  An orc wizard (D:4)
  2 orc priests (D:3)
  2 adders
  2 worms
  An adder zombie (Ossuary)
  A giant gecko (D:1)
  9 orcs (D:3)
  2 giant cockroaches
  9 hobgoblins
  6 kobolds
  A quokka (D:4)
  A ball python skeleton (Ossuary)
  6 bats
  3 giant newts
  9 goblins
  A hobgoblin skeleton (Ossuary)
  4 jackals
  An orc skeleton (Ossuary)
  4 orc zombies (Ossuary)
  6 rats
75 creatures vanquished.

Notes
Turn   | Place    | Note
--------------------------------------------------------------
     0 | D:1      | PolkaDot, the Vampire Enchanter, began the quest for the Orb.
     0 | D:1      | Reached XP level 1. HP: 13/13 MP: 4/4
   223 | D:1      | Reached XP level 2. HP: 11/19 MP: 5/5
   572 | D:1      | Reached skill level 5 in Hexes
   744 | D:2      | Reached XP level 3. HP: 20/24 MP: 6/6
  1495 | D:3      | Reached XP level 4. HP: 30/30 MP: 8/8
  1518 | D:3      | Found a shimmering altar of Xom.
  1529 | D:3      | Gained mutation: Your mind is acute. (Int +2) [potion of mutation]
  1529 | D:3      | Gained mutation: Your flesh is heat resistant. [potion of mutation]
  1529 | D:3      | Gained mutation: You have sharp fingernails. [potion of mutation]
  1692 | D:3      | Noticed an ogre
  1761 | D:2      | Learned a level 3 spell: Confuse
  1865 | D:3      | Killed an ogre
  1865 | D:3      | Reached skill level 5 in Stealth
  1865 | D:3      | Reached skill level 6 in Hexes
  1865 | D:3      | Reached XP level 5. HP: 21/35 MP: 3/9
  1944 | D:3      | Noticed an ogre
  1963 | D:3      | Killed an ogre
  1963 | D:3      | Reached skill level 7 in Hexes
  1963 | D:3      | Reached XP level 6. HP: 41/41 MP: 1/12
  1971 | D:3      | Noticed PolkaDot's ghost (average DsMo)
  2009 | D:3      | Killed PolkaDot's ghost
  2009 | D:3      | Reached skill level 8 in Hexes
  2282 | D:4      | Reached XP level 7. HP: 46/46 MP: 14/14
  2318 | D:4      | Found a sand-covered staircase.
  2356 | D:4      | Learned a level 6 spell: Invisibility
  2358 | Ossuary  | Entered an ossuary
  2508 | Ossuary  | Paralysed by miscasting Invisibility for 3 turns
  3117 | Ossuary  | Noticed a guardian mummy
  3117 | Ossuary  | Noticed a flying skull
  3125 | Ossuary  | Noticed a flying skull
  3130 | Ossuary  | Noticed a guardian mummy
  3134 | Ossuary  | Slain by a guardian mummy

Action                   |  1- 3 |  4- 6 |  7- 9 || total
-------------------------+-------+-------+-------++-------
Melee: Dagger            |    67 |       |       ||    67
       Short sword       |   102 |   106 |    50 ||   258
 Cast: Confuse           |       |     8 |     1 ||     9
       Invisibility      |       |       |     2 ||     2
  Use: Potion            |     1 |     9 |     1 ||    11
 Stab: Sleeping          |     9 |     2 |    10 ||    21
       Confused          |       |     5 |       ||     5
       Invisible         |       |     1 |       ||     1
